 Dungeon Crawl Stone Soup version 0.20.1-1-g8b1a95d (webtiles) character file.

133 Peloso the Skirmisher (level 4, -7/54 HPs)
             Began as a Demonspawn Fighter on Aug 2, 2017.
             Killed from afar by an orc wizard (11 damage)
             ... with a puff of flame
             ... on level 3 of the Dungeon.
             The game lasted 00:03:23 (1892 turns).

Peloso the Skirmisher (Demonspawn Fighter)          Turns: 1892, Time: 00:03:24

Health: -7/54      AC: 22    Str: 17 (18) XL:     4   Next: 94%
Magic:  3/3        EV:  2    Int:  7 (9)  God:
Gold:   135        SH:  8    Dex: 11 (12) Spells: 3/3 levels left

rFire    . . .     SeeInvis .   a - +0 long sword
rCold    . . .     Gourm    .   c - +0 shield
rNeg     + + +     Faith    .   (armour currently unavailable)
rPois    +         Spirit   .   (helmet currently unavailable)
rElec    .         Reflect  .   (cloak currently unavailable)
rCorr    +         Harm     .   (gloves currently unavailable)
MR       .....     NoTele   +   (boots currently unavailable)
Stlth    +.........             (no amulet)
Regen    0.0/turn               p - ring of resist corrosion
MPRegen  0.1/turn               r - +2 ring of evasion

@: tree-form
A: demonic guardian 1, low mp 1, powered by pain 1, inhibited regeneration
a: no special abilities


You were on level 3 of the Dungeon.
You were very hungry.
You were a tree.
You visited 1 branch of the dungeon, and saw 3 of its levels.

You collected 135 gold pieces.

Inventory:

Hand Weapons
 a - a +0 long sword (weapon)
 g - a +3 dagger
 n - a +1 short sword of venom
Armour
 b - a +0 scale mail (melded)
 c - a +0 shield (worn)
Jewellery
 p - a ring of resist corrosion (left branch)
 r - a +2 ring of evasion (right branch)
Scrolls
 h - 3 scrolls of identify {unknown}
 j - 3 scrolls of remove curse {unknown}
 m - a scroll of fog {unknown}
 s - a scroll of teleportation {unknown}
Potions
 d - a potion of might
 i - a potion of lignification
 l - a potion of degeneration
 o - 2 potions of curing {unknown}
 q - a potion of haste {unknown}
Comestibles
 f - 3 bread rations
 k - 2 royal jellies


   Skills:
 + Level 3.6 Fighting
 + Level 3.1 Long Blades
 + Level 3.5 Armour
 + Level 0.5 Dodging
 + Level 3.1 Shields


You had 3 spell levels left.
You didn't know any spells.

Dungeon Overview and Level Annotations

Branches:
Dungeon (3/15)

Altars:
Gozag
Kikubaaqudgha


Innate Abilities, Weirdness & Mutations

A weak demonic guardian rushes to your aid.
You sometimes gain a little power by taking damage.
((You have sharp fingernails.))
((Your flesh is cold resistant. (rC+)))
Your magical capacity is low. (-10% MP)
You do not regenerate when monsters are visible.


Message History

You hear some strange, mumbled words.
Something tries to affect you, but you resist.
It was a potion of lignification.
You turn into a tree.
Your +0 scale mail melds into your body.
Your roots penetrate the ground.
Your ufetubus misses the orc wizard. Your ufetubus hits the orc wizard.
Your ufetubus closely misses the orc wizard. x2
You block the orc's attack. Something hits you but does no damage.
The orc wizard hits you but does no damage.
It was a potion of degeneration.
There was something very wrong with that liquid.
You feel weakened.
You feel dopey.
You feel clumsy.
Your ufetubus closely misses the orc wizard.
Your ufetubus hits the orc wizard.
The orc wizard dies!
The orc hits you but does no damage.
You hear some strange, mumbled words.
A puff of flame appears from out of thin air!
The puff of flame hits you!
You die...

#### #... #.... #....
##.o.?######### #
.o............. .
#....o....#######.
####.##o##....#. ###
##.#.....#♣##.##.#.##.#
#........#){...#.#....#
#..#.#....5.#..#.#....####
#....#...##.#..#.#.#..>..#
#.# #..###.####.#.#.##.##
#. #... ..##...#.#.##.# .
#.#######.###.#.##.# #.#
#.....#)##.# #.#
###.#.#.##.#


You could see an orc and a friendly ufetubus.

Vanquished Creatures
  Natasha (twice) (D:2)
  An adder (D:2)
  A worm (D:2)
  A dart slug (D:2)
  A ball python (D:1)
  2 giant cockroaches
  3 goblins (D:1)
  10 hobgoblins
  2 jackals (D:1)
  4 bats
  2 frilled lizards (D:1)
  3 kobolds
  2 rats
34 creatures vanquished.

Vanquished Creatures (collateral kills)
  Natasha (D:2)
  An orc wizard (D:3)
  An orc (D:3)
3 creatures vanquished.

Vanquished Creatures (others)
  A human (D:2)
1 creature vanquished.

Grand Total: 38 creatures vanquished

Notes
Turn   | Place    | Note
-------+----------+-------------------------------------------
     0 | D:1      | Peloso the Demonspawn Fighter began the quest for the Orb.
     0 | D:1      | Reached XP level 1. HP: 18/18 MP: 1/1
   154 | D:1      | Gained mutation: You sometimes gain a little power by taking damage. [demonic ancestry]
   154 | D:1      | Reached XP level 2. HP: 20/24 MP: 2/2
   839 | D:2      | Noticed Natasha
   846 | D:2      | Killed Natasha
   846 | D:2      | Reached XP level 3. HP: 28/29 MP: 3/3
   852 | D:2      | Found an opulent altar of Gozag.
  1100 | D:2      | Noticed Natasha
  1108 | D:2      | Killed Natasha
  1108 | D:2      | Gained mutation: A weak demonic guardian rushes to your aid. [demonic ancestry]
  1108 | D:2      | Reached XP level 4. HP: 15/35 MP: 4/4
  1424 | D:2      | Noticed Natasha
  1429 | D:2      | Killed Natasha
  1740 | D:2      | Found an ancient bone altar of Kikubaaqudgha.
  1743 | D:2      | Noticed a human
  1744 | D:2      | Killed a human
  1890 | D:3      | Gained mutation: Your flesh is cold resistant. (rC+) [potion of mutation]
  1890 | D:3      | Gained mutation: You do not regenerate when monsters are visible. [potion of mutation]
  1890 | D:3      | Gained mutation: Your magical capacity is low. (-10% MP) [potion of mutation]
  1890 | D:3      | Gained mutation: You have sharp fingernails. [potion of mutation]
  1892 | D:3      | Killed from afar by an orc wizard

Skill      XL: |  1  2  3  4 |
---------------+-------------+-----
Armour         | 3 |  3.5
Long Blades    | 2 3 |  3.1
Shields        | 3 |  3.1
Fighting       | |  3.6
Dodging        | |  0.5

Action                   |  1- 3 |  4- 6 || total
-------------------------+-------+-------++-------
Melee: Long sword        |    84 |    28 ||   112
  Use: Potion            |       |     3 ||     3
  Eat: Chunk             |     1 |     1 ||     2
Armor: Scale mail        |    35 |    13 ||    48
       Skin              |       |     3 ||     3
Dodge: Dodged            |    29 |    13 ||    42
Block: Shield            |    43 |    12 ||    55
       Rpst.: Long sword |    11 |     5 ||    16
